 Dungeon Crawl Stone Soup version 0.31-a0-507-gbafd7f5274 (webtiles) character file.

Game seed: 16938937929063018584

24482 Newt the Mimic (level 12, -3/94 HPs)
             Began as a Pale Draconian Shapeshifter on Aug 9, 2023.
             Was a High Priest of Okawaru.
             Slain by a lindwurm simulacrum (14 damage)
             ... in an ice cave.
             The game lasted 00:14:54 (14326 turns).

Newt the Mimic (Pale Draconian Shapeshifter)       Turns: 14326, Time: 00:14:55

Health: -3/94      AC: 12    Str: 22    XL:     12   Next: 81%
Magic:  18/18      EV: 19    Int:  9    God:    Okawaru [*****.]
Gold:   489        SH:  0    Dex: 12    Spells: 9/11 levels left

rFire   . . .        q - +12 whip of Light {flame, +Blink}
rCold   . . .        (no shield)
rNeg    . . .        (body armour unavailable)
rPois   .            C - +2 hat
rElec   .            (no cloak)
rCorr   .            R - +1 pair of gloves of the Grue {Rampage}
SInv    +            (no boots)
Will    .....        Q - amulet of magic regeneration
Stlth   +            j - +5 ring of evasion
HPRegen 0.35/turn    p - ring of see invisible
MPRegen 0.56/turn

%: rampage
@: maw-form, slowed, studying Unarmed Combat, very slow
A: devouring maw, breathe steam, AC +8, unfitting armour, cold-blooded, steam
resistance
a: Breathe Steam, Begin Untransformation, Renounce Religion, Evoke Blink,
Heroism, Finesse, Duel


You were in an ice cave.
You worshipped Okawaru.
Okawaru was extremely pleased with you.
You were a creature with a mouth for a stomach.
You visited 2 branches of the dungeon, and saw 16 of its levels.
You also visited: Ice Cave.

You collected 754 gold pieces.
You spent 265 gold pieces at shops.

Inventory:

Hand Weapons
 f - a +0 flail of venom
 h - a +0 whip
 n - a -1 heavy demon whip
 q - the +12 whip of Light (weapon) {flame, +Blink}
   (You found it on level 5 of the Dungeon)

   +Blink:    It lets you blink.
Missiles
 i - 41 poisoned darts
 F - a throwing net
Armour
 e - a +2 helmet of see invisible
 C - a +2 hat (worn)
 P - a +1 hat
 R - the +1 pair of gloves of the Grue (worn) {Rampage}
   (Okawaru gifted it to you on level 14 of the Dungeon)

   Rampage:   It bestows one free step when moving towards enemies.
Jewellery
 g - a ring of ice
 j - a +5 ring of evasion (left hand)
 p - a ring of see invisible (right hand)
 r - a +4 ring of protection
 v - a ring of resist corrosion
 B - a +4 ring of protection
 D - a ring of fire
 E - a +6 ring of dexterity
 Q - an amulet of magic regeneration (around neck)
Talismans
 b - a beast talisman
 c - a flux talisman
 k - a maw talisman (active)
Wands
 t - a wand of flame (33)
 I - a wand of light (12)
 L - a wand of mindburst (9)
 N - a wand of polymorph (22)
Scrolls
 d - 3 scrolls of fear
 s - 2 scrolls of enchant armour
 u - 4 scrolls of revelation
 w - 2 scrolls of teleportation
 x - 2 scrolls of brand weapon
 y - 3 scrolls of poison
Potions
 a - 9 potions of lignification
 l - 2 potions of mutation
 m - 4 potions of curing
 o - 2 potions of berserk rage
 z - 3 potions of resistance
 A - a potion of attraction
 G - 2 potions of enlightenment
 H - a potion of might
 J - a potion of heal wounds
 K - a potion of degeneration {unknown}
 M - 2 potions of haste {unknown}
 O - a potion of magic {unknown}


   Skills:
 - Level 5.0 Fighting
 - Level 9.0 Maces & Flails
 - Level 6.0 Dodging
 - Level 3.0 Unarmed Combat
 - Level 9.0 Invocations
 + Level 14.2 Shapeshifting


You had 9 spell levels left.
You knew the following spells:

 Your Spells              Type           Power      Damage    Failure   Level
a - Passwall              Tmut/Erth      0%         N/A       52%         2

Your spell library contained the following spells:

 Spells                   Type           Power      Damage    Failure   Level
 Shock                    Conj/Air       0%         1d3       38%         1
 Blink                    Tloc           0%         N/A       52%         2
 Cigotuvi's Dreadful Rot  Necr/Pois/Air  0%         N/A       52%         2
 Ensorcelled Hibernation  Hex/Ice        0%         N/A       52%         2
 Lesser Beckoning         Tloc           0%         N/A       52%         2
 Momentum Strike          Conj/Tloc      0%         3d8       52%         2
 Gell's Gravitas          Tloc           0%         N/A       77%         3
 Ignite Poison            Fire/Tmut/Pois 0%         N/A       77%         3
 Ozocubu's Armour         Ice            0%         N/A       77%         3
 Swiftness                Air            0%         N/A       77%         3
 Teleport Other           Tloc           0%         N/A       77%         3
 Airstrike                Air            0%         2d(0-16)  99%         4
 Olgreb's Toxic Radiance  Pois           0%         N/A       99%         4
 Freezing Cloud           Conj/Ice/Air   0%         6-21      100%        5
 Metabolic Englaciation   Hex/Ice        0%         N/A       100%        5
 Dispersal                Tloc           0%         N/A       100%        6
 Discord                  Hex            0%         N/A       100%        8
 Ignition                 Fire           0%         3d3       100%        8
 Simulacrum               Ice/Necr       Unusable   N/A       N/A         6

Dungeon Overview and Level Annotations

Branches:
Dungeon (15/15)            Temple (1/1) D:4            Lair (0/5) D:10
    Orc (0/2) D:10         Vaults (0/5) D:13          IceCv (1/1)
 Depths: D:15

Altars:
Ashenzari
Cheibriados
Dithmenos
Elyvilon
Fedhas
Gozag
Hepliaklqana
Kikubaaqudgha
Makhleb
Nemelex Xobeh
Okawaru
Qazlal
Ru
Sif Muna
Trog
Uskayaw
Vehumet
Wu Jian
Xom
Yredelemnul
Zin
The Shining One

Shops:
D:4 *   D:5 *   D:10 *   D:12 [   D:14 :

Annotations:
D:3 3 runed translucent doors, Ofeo's ghost, weakling FeSh; randomguy2701's ghost, amateur OpVM


Innate Abilities, Weirdness & Mutations

You are a creature with a mouth for a stomach.
Your midsection houses a second, enormous mouth.
You can breathe blasts of scalding, opaque steam.
Your pale cyan-grey scales are hard. (AC +8)
You cannot fit into any form of body armour.
You are cold-blooded and may be slowed by cold attacks.
You are immune to the effects of steam.


Message History

F - a throwing net
There are no items here.
You start resting.
You feel like a meek peon again.
Items here: ) [[[.
R - the +1 pair of gloves of the Grue {Rampage} You start putting on your armour.
You continue putting on the +1 pair of gloves of the Grue {Rampage}. x4
You finish putting on the +1 pair of gloves of the Grue {Rampage}.
You feel ready to rampage towards enemies.
Unknown command.
Found a wand of polymorph (7).
Found a frozen archway.
N - a wand of polymorph (22) (gained 7 charges)
There is a frozen archway here.
The world spins around you as you enter the gateway.
You enter an ice cave!
Found an ice covered gate leading back out of this place.
There is an ice choked empty arch of ancient stone here.
The anaconda simulacrum grabs you. The anaconda simulacrum bites you!
The anaconda simulacrum freezes you!!
You feel yourself slow down. The anaconda simulacrum constricts you.
You thrash the anaconda simulacrum!!
You melt the anaconda simulacrum.
The anaconda simulacrum is almost destroyed.
The anaconda simulacrum bites you.
* * * LOW HITPOINT WARNING * * *
The anaconda simulacrum freezes you!
You feel as though you will be slow longer.
* * * LOW HITPOINT WARNING * * *
The anaconda simulacrum constricts you.
The anaconda simulacrum bites you but does no damage.
The anaconda simulacrum constricts you.
* * * LOW HITPOINT WARNING * * *
Unknown command.
You escape the anaconda simulacrum's grasp.
The lindwurm simulacrum attacks as you move away!
The lindwurm simulacrum bites you.
* * * LOW HITPOINT WARNING * * *
The lindwurm simulacrum freezes you!
You die...

#### ##..##
.. ###....##
...##.......#
#.......∩.∩.#
#..ZZZZ....#
##..##W...##
## ##..##
####


You could see 2 anaconda simulacra, an alligator simulacrum and a lindwurm
simulacrum.

Vanquished Creatures
  Rupert (D:14)
  Josephine (D:12)
  The ghost of LobsterGuardian the Marksminotaur, a journeyman MiHu of Zin (D:12)
  A hydra (D:14)
  Erica (D:10)
  A boulder beetle (D:11)
  A two-headed ogre (D:12)
  A tengu warrior (D:14)
  A death yak (D:10)
  Sonja (D:12)
  3 spriggans (D:12)
  A deep elf pyromancer (D:13)
  Pikel (D:9)
  An ugly thing (D:13)
  2 cyclopes
  An elephant (D:10)
  2 unseen horrors
  Maggie (D:7)
  Psyche (D:10)
  A freezing wraith (D:14)
  7 trolls
  A hornet (D:12)
  Sigmund (D:3)
  7 wraiths
  A vampire (D:12)
  A wyvern (D:9)
  2 shadows (D:11)
  18 yaks
  Grum (D:10)
  A steam dragon (D:6)
  2 basilisks (D:10)
  10 vampire mosquitoes
  An acid dragon (D:10)
  4 water moccasins
  4 black bears
  2 orc warriors
  A sky beast (D:8)
  3 boggarts (D:14)
  2 ogres
  4 wolves (D:10)
  6 centaurs
  3 kobold brigands
  2 bullfrogs
  4 gnoll sergeants
  4 scorpions
  3 wights (D:6)
  12 killer bees
  An electric eel (D:14)
  3 howler monkeys
  5 hounds
  3 jellies
  9 orc priests
  3 gnoll boudas
  3 iguanas
  Terence (D:3)
  4 sleepcaps
  Natasha (thrice) (D:3)
  8 orc wizards
  Robin (D:3)
  32 gnolls
  4 adders
  3 shadow imps
  2 white imps
  4 worms
  4 dart slugs
  43 orcs
  7 ball pythons
  6 bats
  6 endoplasms
  5 giant cockroaches
  12 goblins
  18 hobgoblins
  7 jackals
  23 kobolds
  3 quokkas
  7 frilled lizards
  3 rats (D:1)
364 creatures vanquished.

Notes
Turn   | Place    | Note
-------+----------+-------------------------------------------
     0 | D:1      | Newt the Draconian Shapeshifter began the quest for the
                  | Orb.
     0 | D:1      | Reached XP level 1. HP: 16/16 MP: 1/1
   505 | D:1      | Reached XP level 2. HP: 23/25 MP: 2/2
   517 | D:1      | Found a faded altar of an unknown god.
   954 | D:1      | Reached XP level 3. HP: 26/31 MP: 3/3
  1914 | D:3      | Noticed Terence
  1926 | D:3      | Killed Terence
  1927 | D:3      | Reached skill level 4 in Shapeshifting
  1927 | D:3      | Reached XP level 4. HP: 38/38 MP: 4/4
  2042 | D:3      | Noticed Sigmund
  2048 | D:3      | Killed Sigmund
  2049 | D:3      | Reached skill level 5 in Shapeshifting
  2049 | D:3      | Reached XP level 5. HP: 45/45 MP: 5/5
  2063 | D:3      | Noticed Natasha
  2070 | D:3      | Killed Natasha
  2071 | D:3      | Reached XP level 6. HP: 28/51 MP: 6/6
  2089 | D:3      | Noticed Natasha
  2096 | D:3      | Killed Natasha
  2322 | D:3      | Noticed Robin
  2336 | D:3      | Killed Robin
  2468 | D:3      | Found a runed translucent gate.
  2469 | D:3      | Found a runed translucent gate.
  2470 | D:3      | Found a runed translucent gate.
  2473 | D:3      | Noticed Ofeo's ghost (weakling FeSh)
  2473 | D:3      | Noticed randomguy2701's ghost (amateur OpVM)
  2499 | D:3      | Noticed Natasha
  2502 | D:3      | Killed Natasha
  2525 | D:3      | Reached skill level 6 in Shapeshifting
  2564 | D:3      | HP: 2/51 [gnoll/+1 halberd of flaming (4)]
  2571 | D:3      | Reached skill level 1 in Maces & Flails
  2907 | D:3      | Identified the +1 rapier of Hell's Wrath {heavy, rC+ Will+}
  3358 | D:4      | Found Ommepil's Lightly-Used Armoury.
  3367 | D:4      | Bought a -2 demon whip for 55 gold pieces
  3903 | D:4      | Your scales start taking on a pale cyan-grey colour.
  3903 | D:4      | Reached XP level 7. HP: 57/57 MP: 7/7
  3903 | D:4      | Gained mutation: You are immune to the effects of steam.
                  | [Pale Draconian growth]
  3935 | D:4      | Found a staircase to the Ecumenical Temple.
  3951 | Temple   | Entered the Ecumenical Temple
  3965 | Temple   | Became a worshipper of Warmaster Okawaru
  4369 | D:5      | Entered Level 5 of the Dungeon
  4858 | D:5      | Found Zosesig's Serpentskin Sales.
  4870 | D:5      | Reached * piety under Okawaru
  4871 | D:5      | Reached skill level 7 in Shapeshifting
  4874 | D:5      | Reached XP level 8. HP: 63/63 MP: 8/8
  5095 | D:5      | Identified the +12 whip of Light {flame, +Blink}
  5494 | D:6      | Reached skill level 8 in Shapeshifting
  5613 | D:6      | Reached ** piety under Okawaru
  5776 | D:6      | Reached skill level 9 in Shapeshifting
  6088 | D:6      | Reached skill level 5 in Fighting
  6088 | D:6      | Reached XP level 9. HP: 74/74 MP: 9/9
  6493 | D:3      | Learned a level 2 spell: Passwall
  7039 | D:7      | Noticed Maggie
  7040 | D:7      | Reached skill level 5 in Maces & Flails
  7048 | D:7      | Killed Maggie
  7048 | D:7      | Reached *** piety under Okawaru
  7717 | D:8      | Found a broken altar of Ashenzari.
  7723 | D:8      | Saw a vision of the Swamp and the Snake Pit.
  7723 | D:8      | Noticed a naga warrior
  7723 | D:8      | Noticed a salamander
  7723 | D:8      | Noticed a black mamba
  7723 | D:8      | Noticed a naga warrior
  7723 | D:8      | Noticed a salamander
  7723 | D:8      | Noticed a goliath frog
  7723 | D:8      | Noticed a will-o-the-wisp
  7723 | D:8      | Noticed a swamp dragon
  7723 | D:8      | Noticed a swamp dragon
  7723 | D:8      | Noticed a seven-headed hydra
  7723 | D:8      | Noticed a spriggan druid
  7723 | D:8      | Noticed a will-o-the-wisp
  7723 | D:8      | Noticed a swamp dragon
  8068 | D:8      | Received a gift from Okawaru
  8242 | D:8      | Noticed a troll
  8255 | D:8      | Killed a troll
  8255 | D:8      | Reached **** piety under Okawaru
  8256 | D:8      | Reached XP level 10. HP: 81/81 MP: 10/10
  8345 | D:8      | Found a glowing golden altar of the Shining One.
  9143 | D:9      | Reached skill level 5 in Dodging
  9158 | D:9      | Reached skill level 1 in Invocations
  9163 | D:9      | Reached ***** piety under Okawaru
  9556 | D:9      | Noticed Pikel
  9574 | D:9      | Killed Pikel
  9575 | D:9      | Reached skill level 5 in Invocations
  9576 | D:9      | Identified the +5 quarterstaff of the Mind {pain, Str+5}
  9597 | D:9      | Found a bloodstained altar of Trog.
  9882 | D:10     | Entered Level 10 of the Dungeon
  9968 | D:10     | Found a staircase to the Lair.
  9968 | D:10     | Noticed an elephant
  9968 | D:10     | Noticed a death yak
  9968 | D:10     | Noticed Psyche
  9987 | D:10     | Killed Psyche
  9995 | D:10     | Killed an elephant
  9996 | D:10     | Reached XP level 11. HP: 86/86 MP: 13/16
 10017 | D:10     | Killed a death yak
 10017 | D:10     | Received a gift from Okawaru
 10171 | D:10     | Found Ymosud's Overcharged Wands.
 10247 | D:10     | Found a staircase to the Orcish Mines.
 10746 | D:10     | Noticed Grum
 10758 | D:10     | Reached skill level 10 in Shapeshifting
 10760 | D:10     | Killed Grum
 10904 | D:10     | Noticed Erica
 10913 | D:10     | Killed Erica
 11482 | D:11     | Found the +12 glaive of Prune {freeze, Prune}
 11644 | D:11     | Reached skill level 11 in Shapeshifting
 11993 | D:11     | Noticed a boulder beetle
 12003 | D:11     | Killed a boulder beetle
 12309 | D:12     | Noticed Josephine
 12326 | D:12     | Killed Josephine
 12326 | D:12     | Reached ****** piety under Okawaru
 12326 | D:12     | Identified the +6 short sword "Fuutho" {freeze, Str+3}
                  | (Okawaru gifted it to you on level 12 of the Dungeon)
 12326 | D:12     | Received a gift from Okawaru
 12337 | D:12     | Reached XP level 12. HP: 36/94 MP: 18/18
 12585 | D:12     | Noticed a two-headed ogre
 12591 | D:12     | Killed a two-headed ogre
 12592 | D:12     | Reached skill level 12 in Shapeshifting
 13101 | D:12     | Noticed Sonja
 13108 | D:12     | Killed Sonja
 13426 | D:12     | Found a runed translucent door.
 13429 | D:12     | Noticed LobsterGuardian's ghost (journeyman MiHu)
 13430 | D:12     | Identified the +4 spear "Zugeamai" {flame, rF- rN+++ Int+3}
 13450 | D:12     | Found Fumn's Antique Armour Shoppe.
 13458 | D:12     | Bought a glowing hat for 210 gold pieces
 13627 | D:12     | Killed LobsterGuardian's ghost
 13631 | D:12     | Reached skill level 13 in Shapeshifting
 13990 | D:13     | Noticed a five-headed hydra
 13991 | D:13     | Noticed an ironbound preserver
 13992 | D:13     | Found a gate to the Vaults.
 14039 | D:14     | Found Fuikeont's Book Shoppe.
 14049 | D:14     | Noticed a four-headed hydra
 14056 | D:15     | Entered Level 15 of the Dungeon
 14209 | D:14     | Killed a four-headed hydra
 14217 | D:14     | Noticed Rupert
 14219 | D:14     | Paralysed by Rupert for 5 turns
 14244 | D:14     | Killed Rupert
 14245 | D:14     | Noticed a tengu warrior
 14248 | D:14     | Reached skill level 14 in Shapeshifting
 14257 | D:14     | Killed a tengu warrior
 14262 | D:14     | Identified the +1 pair of gloves of the Grue {Rampage}
                  | (Okawaru gifted it to you on level 14 of the Dungeon)
 14262 | D:14     | Received a gift from Okawaru
 14306 | D:14     | Found a frozen archway.
 14321 | IceCv    | Entered an ice cave
 14326 | IceCv    | Slain by a lindwurm simulacrum

Illustrated notes

Levels and vault maps discovered:
D:1:      evilmike_arrival_rings, layout_basic, ebering_ecumenical_altar_rust,
          minmay_misc_feat_square
D:2:      layout_loops_ring, minivault_11
D:3:      layout_basic, gammafunk_ghost_cemetery, grunt_decor_cap,
          dk_noncrumbling_4, due_unseen_surprise, uniq_natasha, uniq_robin,
          uniq_sigmund, uniq_terence
D:4:      layout_basic, minmay_temple_entry_hall, minmay_shop_damaged
D:5:      wad_crossroads, layout_loops_ring, guppyfry_shop_venom
D:6:      layout_rooms
D:7:      layout_loops_ring, uniq_maggie
D:8:      layout_basic, mainiacjoe_overflow_alcove_4, grunt_ashenzari_visionary
          [grunt_ashenzari_visionary_swamp, grunt_ashenzari_visionary_snake],
          minmay_chambers_of_fives
D:9:      layout_rooms, chequers_serial_rivers_micro_b,
          david_defended_altar_orc, uniq_pikel
D:10:     layout_layer_cave, david_lair_generic, minmay_orc_entry_temple_small,
          enter_bailey_4, nicolae_shop_overcharged_wands, uniq_psyche,
          uniq_erica, uniq_grum
D:11:     layout_basic, nicolae_elevator_lobby_plus
D:12:     layout_irregular_city, serial_shops, shop,
          ebering_ghost_funeral_grove, uniq_sonja, uniq_josephine
D:13:     layout_roguey, skrybe_vaults_entry_preservation, special_room
          [special_room_orc], kennysheep_cluttered_room, nicolae_sextant
D:14:     layout_cave_pools, nicolae_ru_path_of_blood, serial_shops,
          nicolae_stop_n_shop_2, portal_ice_cave_entry_pillars_1, serial_bayou,
          serial_bayou_pond_c, serial_bayou_shore_a, serial_bayou_lagoon_b,
          serial_bayou_crossing, uniq_rupert
D:15:     hangedman_depths_entry_try_elsewhere_first, layout_basic,
          grunt_qazlal_clouds
Temple:   nicolae_temple_slightly_damp_pantheon
IceCv:    ice_cave_small_necro

Skill      XL: |  1  2  3  4  5  6  7  8  9 10 11 12 |
---------------+-------------------------------------+-----
Fighting       | 2 3 5 |  5.0
Shapeshifting  | 4 5 6 7 9 11 14 | 14.2
Maces & Flails | 3 4 9 |  9.0
Dodging        | 3 6 |  6.0
Invocations    | 7 9 |  9.0
Unarmed Combat | |  3.0

Action                     |  1- 3 |  4- 6 |  7- 9 | 10-12 || total
---------------------------+-------+-------+-------+-------++-------
  Melee: Unarmed           |    94 |       |       |       ||    94
         Tailslap          |    13 |    15 |    32 |    65 ||   125
         Punch             |     1 |     3 |     6 |    15 ||    25
         Whip              |    28 |       |   156 |   523 ||   707
         Flail             |       |   119 |    69 |       ||   188
         Maw               |       |       |    25 |   123 ||   148
  Throw: Throwing net      |       |       |       |     3 ||     3
   Cast: Passwall          |       |       |     2 |       ||     2
 Invoke: Heroism           |       |       |       |     3 ||     3
         Finesse           |       |       |       |     2 ||     2
Ability: Breathe Steam     |       |       |     4 |     6 ||    10
  Evoke: Wand              |       |       |       |     3 ||     3
    Use: Scroll            |     6 |     2 |     9 |     5 ||    22
         Potion            |     1 |     2 |     1 |     4 ||     8
   Stab: Sleeping          |     1 |     2 |       |       ||     3
         Held in net/web   |       |       |       |     1 ||     1
 Armour: Skin              |    29 |    27 |    59 |   109 ||   224
  Dodge: Dodged            |    77 |   106 |   186 |   457 ||   826
   Form: Maw               |       |       |     1 |       ||     1

Table legend: (Time is in decaauts)
 A = Elapsed time spent in this place.
 B = Non-inter-level travel time spent in this place.
 C = Inter-level travel time spent in this place.
 D = Time resting spent in this place.
 E = Time spent auto-exploring this place.
 F = Levels seen in this place.
 G = Mean time per level.
                   A        B        C        D        E       F      G
               +--------+--------+--------+--------+--------+-----+--------+
         Total |  14201 |  13598 |    603 |   2613 |   9042 |  17 |  835.4 |
       Dungeon |  14168 |  13593 |    575 |   2613 |   9042 |  15 |  944.5 |
        Temple |     28 |      1 |     27 |      0 |      0 |   1 |   28.0 |
      Ice Cave |      4 |      4 |      0 |      0 |      0 |   1 |    4.0 |
               +--------+--------+--------+--------+--------+-----+--------+

Top non-repeatable levels by time:
     D:3: 1772 daAuts
     D:8: 1485 daAuts
    D:10: 1443 daAuts
    D:12: 1442 daAuts
     D:1: 1154 daAuts
     D:5: 1129 daAuts
     D:4: 1119 daAuts
     D:6: 991 daAuts
    D:11: 897 daAuts
     D:2: 784 daAuts
     D:9: 782 daAuts
     D:7: 639 daAuts
    D:13: 265 daAuts
    D:15: 148 daAuts
    D:14: 110 daAuts
